Map: Year Zero LE

Players

Trust

  • Race: Protoss Protoss
  • Spawn Location: 11:00

Elazer - Winner!

  • Race: Zerg Zerg
  • Spawn Location: 1:00

Event: IEM Season 13: Katowice (2019)

VOD

Have the link to the VOD?

Description

Time

  • Played on: Feb. 26, 2019, 1:12 p.m.
  • Length: 8:52

All games in this series

Show
View Real Time Build Order
Export as new Build Order

Trust Protoss 

Build Orders: Oracle Opening, Zealot Archon 

Get SALT Encoding   

  12  0:00  Probe  
  13  0:12  Probe  
  14  0:20  Pylon  
  14  0:25  Probe  
  15  0:34  Probe  
  15  0:40  Gateway  
  16  0:42  Probe  
  16  0:49  Assimilator  
  17  0:52  Probe  
  18  1:01  Pylon  
  18  1:04  Probe  
  19  1:16  Probe  
  20  1:19  Gateway  
  20  1:27  Cybernetics Core  
  20  1:31  Probe  
  21  1:43  Probe  
  22  1:58  Adept  
  22  2:01  Nexus  
  24  2:15  Stalker  
  26  2:18  Adept  
  26  2:19  Warp Gate  
  28  2:32  Assimilator  
  28  2:36  Pylon  
  28  2:39  Probe  
  28  2:46  Zealot  
  28  2:50  Adept  
  31  2:51  Probe  
  33  3:08  Stargate  
  33  3:11  Probe  
  34  3:14  Probe  
  35  3:23  Probe  
  37  3:27  Probe  
  37  3:35  Probe  
  37  3:41  Probe, Oracle  
  37  3:48  Probe  
  36  3:51  Gateway  
  36  3:53  Probe  
  40  4:00  Probe  
  41  4:05  Probe  
  41  4:06  Adept  
  41  4:07  Adept  
  41  4:09  Oracle  
  46  4:12  Probe  
  46  4:13  Assimilator  
  46  4:16  Assimilator  
  47  4:20  Probe  
  51  4:29  Probe  
  52  4:32  Probe  
  52  4:38  Pylon  
  51  4:42  Probe  
  51  4:44  Probe  
  51  4:48  Robotics Facility  
  51  4:49  Twilight Council  
  51  4:57  Adept x2  
  51  4:59  Probe x2  
  57  5:02  Pylon  
  50  5:22  Probe  
  50  5:23  Probe  
  50  5:24  Gateway  
  50  5:26  Gateway, Warp Prism  
  50  5:27  Templar Archives  
  52  5:32  Zealot  
  52  5:35  Probe x2  
  56  5:54  Nexus  
  56  5:58  Pylon  
  56  5:59  Sentry  
  58  6:06  Probe  
  58  6:07  Pylon, Probe  
  60  6:15  Pylon  
  60  6:16  Immortal  
  60  6:19  Charge  
  60  6:20  High Templar x4  
  68  6:32  Archon x2  
  69  6:40  Gateway x2  
  69  6:44  Immortal  
  69  6:54  Sentry  
  69  6:55  Pylon  
  75  7:01  Gateway  
  75  7:05  Sentry  
  75  7:06  Gateway  
  75  7:08  Probe x3  
  80  7:13  Zealot x2  
  84  7:16  Observer  
  84  7:22  Pylon  
  85  7:37  Zealot x4, Pylon, High Templar x2  
  97  7:48  Archon  
  97  7:58  Pylon  
  97  7:59  Zealot x5, Pylon  
  97  8:00  Zealot  
  109  8:12  Pylon  
  109  8:23  Zealot x8  
  89  8:43  Zealot x2  
  89  8:44  Zealot x3  
Show
View Real Time Build Order
Export as new Build Order

Elazer Zerg - Winner!

Build Orders: Hatch First 

Get SALT Encoding   

  12  0:00  Drone  
  13  0:13  Overlord  
  13  0:17  Drone  
  14  0:31  Drone x2  
  16  0:49  Hatchery  
  15  0:53  Drone  
  15  0:55  Drone  
  17  0:59  Drone  
  18  1:09  Extractor  
  17  1:14  Spawning Pool  
  16  1:18  Drone  
  16  1:21  Drone  
  18  1:30  Drone  
  19  1:41  Drone  
  20  1:52  Drone  
  21  2:02  Queen x2  
  21  2:03  Overlord, Zergling x2  
  26  2:12  Zergling x2, Drone  
  28  2:23  Drone  
  28  2:24  Overlord  
  29  2:37  Drone x2  
  29  2:42  Hatchery  
  30  2:47  Queen  
  30  2:49  Drone  
  33  2:56  Drone x3  
  36  3:06  Overlord  
  36  3:07  Drone  
  36  3:11  Drone x2  
  36  3:12  Drone  
  40  3:13  Drone  
  40  3:15  Drone  
  42  3:20  Drone x2  
  43  3:28  Queen  
  43  3:33  Evolution Chamber  
  44  3:38  Overlord  
  43  3:44  Drone x6  
  48  3:49  Spore Crawler  
  47  3:56  Lair  
  47  4:00  Roach Warren  
  47  4:01  Drone  
  47  4:03  Drone  
  47  4:06  Drone  
  47  4:07  Drone  
  50  4:14  Overlord  
  50  4:19  Overlord  
  50  4:22  Drone  
  50  4:23  Drone x5  
  55  4:28  Drone  
  53  4:32  Spore Crawler  
  53  4:34  Overlord  
  53  4:35  Drone x2  
  53  4:38  Drone x2  
  52  4:41  Drone  
  51  4:47  Drone  
  51  4:48  Evolution Chamber  
  51  4:49  Extractor  
  51  4:51  Overlord  
  50  4:53  Roach  
  50  4:56  Roach  
  50  4:57  Roach  
  56  5:00  Roach  
  56  5:05  Roach x2  
  62  5:08  Roach  
  60  5:17  Drone x6  
  63  5:24  Queen  
  63  5:25  Glial Reconstitution  
  63  5:27  Drone  
  67  5:28  Drone  
  67  5:30  Drone  
  68  5:35  Zerg Missile Weapons Level 1  
  68  5:37  Drone x2  
  68  5:39  Drone  
  68  5:40  Drone  
  68  5:42  Overseer  
  72  5:47  Drone x3  
  71  5:53  Drone x4  
  71  5:56  Drone  
  71  5:57  Drone  
  76  5:59  Drone  
  76  6:00  Drone  
  76  6:02  Drone  
  79  6:06  Extractor, Drone  
  79  6:07  Extractor, Drone  
  79  6:14  Overlord  
  79  6:16  Drone x4  
  83  6:19  Overlord  
  83  6:27  Overlord  
  83  6:29  Roach  
  83  6:30  Roach x3  
  91  6:35  Overlord  
  91  6:37  Extractor  
  91  6:38  Drone x3  
  91  6:39  Drone  
  94  6:41  Overlord  
  94  6:42  Roach, Overseer  
  96  6:49  Overlord  
  96  6:50  Drone x2  
  96  6:51  Drone  
  96  6:52  Extractor  
  96  6:53  Drone  
  98  6:55  Drone  
  99  7:06  Overlord  
  99  7:09  Roach x9  
  117  7:16  Drone  
  117  7:17  Drone  
  119  7:27  Overlord  
  119  7:36  Hatchery  
  118  7:37  Overlord  
  118  7:47  Roach x11  
  118  7:50  Overlord  
  140  7:53  Ravager  
  140  7:54  Ravager  
  142  8:09  Drone, Infestation Pit  
  142  8:11  Roach x8  
  158  8:14  Ravager x4  
  158  8:19  Roach x4  
  170  8:21  Overlord  
  169  8:27  Roach  
  169  8:28  Roach x3  

Tags
 
Add a new tag
Caveats
  • Supply blocks, unpowered buildings, or Contaminate may cause inaccurate times.
  • Supply counts are checked every 10 seconds.